 Dungeon Crawl Stone Soup version 0.27-a0-760-gc38aae387d (webtiles) character file.

Game seed: 3795461757363932980

118 Lanoc the Grave Robber (level 5, -3/28 HPs)
             Began as a Tengu Necromancer on Mar 24, 2021.
             Slain by a bullfrog (4 damage)
             ... in a sewer.
             The game lasted 00:05:52 (3510 turns).

Lanoc the Grave Robber (Tengu Necromancer)          Turns: 3510, Time: 00:05:53

Health: -3/28      AC:  2    Str:  8    XL:     5   Next: 2%
Magic:  7/9        EV: 15    Int: 17    God:
Gold:   30         SH:  0    Dex: 14    Spells: 6/8 levels left

rFire    . . .     SeeInvis .   g - +2 dagger (vamp)
rCold    . . .     Faith    .   (no shield)
rNeg     . . .     Spirit   .   a - +0 robe
rPois    .         Reflect  .   (helmet restricted)
rElec    .         Harm     .   (no cloak)
rCorr    .         Rampage  .   (no gloves)
Will     .....                  (boots unavailable)
Stlth    ++........             (no amulet)
HPRegen  0.09/turn              (no ring)
MPRegen  0.11/turn              (no ring)

@: about to teleport, flying quickly and evasively, quick
A: beak, talons 3, able to fly
a: Stop Flying


You were in a sewer.
You visited 1 branch of the dungeon, and saw 3 of its levels.
You also visited: Sewer.

You collected 30 gold pieces.

Inventory:

Hand Weapons
 g - a +2 vampiric dagger (weapon)
Missiles
 d - 4 atropa-tipped darts
Armour
 a - a +0 robe (worn)
Potions
 b - a potion of cancellation {unknown}
 c - a potion of flight {unknown}
 f - 3 potions of curing {unknown}
 l - a potion of magic


   Skills:
 + Level 3.5 Dodging
 - Level 2.0 Stealth
 - Level 2.0 Spellcasting
 * Level 6.1 Necromancy


You had 6 spell levels left.
You knew the following spells:

 Your Spells              Type           Power      Damage    Failure   Level
a - Pain                  Necr           88%        1d8       1%          1
b - Animate Skeleton      Necr           44%        N/A       1%          1

Your spell library contained the following spells:

 Spells                   Type           Power      Damage    Failure   Level
 Vampiric Draining        Necr           11%        2d7       4%          3
 Animate Dead             Necr           11%        N/A       16%         4
 Agony                    Necr           22%        N/A       41%         5


Dungeon Overview and Level Annotations

Branches:
Dungeon (3/15)              Sewer (1/1)

Altars:

Shops:
D:2 *[[*


Innate Abilities, Weirdness & Mutations

You have a beak for a mouth.
You have claws for feet.
You can fly continuously.


Message History

Aiming: Pain (safe; 1% risk of failure)
Press: ? - help, Shift-Dir - straight line, f - frilled lizard
Aim: a frilled lizard (water, wandering, hasn't noticed you, chance to affect: 91%)
The frilled lizard hisses angrily.
The frilled lizard writhes in agony.
Casting: Pain (safe; 1% risk of failure)
Confirm with . or Enter, or press ? or * to list all spells.
Aiming: Pain (safe; 1% risk of failure)
Press: ? - help, Shift-Dir - straight line, f/p - frilled lizard
Aim: a frilled lizard (water, chance to affect: 91%)
The frilled lizard writhes in agony!
You kill the frilled lizard!
Found a gate leading back out of this place.
A bullfrog comes into view.
The bullfrog croaks.
A bullfrog comes into view.
Found a club.
Casting: Pain (safe; 1% risk of failure)
Confirm with . or Enter, or press ? or * to list all spells.
Aiming: Pain (safe; 1% risk of failure)
Press: ? - help, Shift-Dir - straight line, f - bullfrog
Aim: a bullfrog (water, chance to affect: 81%)
The bullfrog writhes in agony.
The bullfrog hits you! The bullfrog closely misses you.
Casting: Pain (safe; 1% risk of failure)
Confirm with . or Enter, or press ? or * to list all spells.
Aiming: Pain (safe; 1% risk of failure)
Press: ? - help, Shift-Dir - straight line, f/p - bullfrog
Aim: a bullfrog (moderately wounded, chance to affect: 81%)
The bullfrog writhes in agony!
The bullfrog hits you. The bullfrog closely misses you. The bullfrog hits you.
As you read the scroll of teleportation, it crumbles to dust.
You feel strangely unstable. The bullfrog closely misses you. x2
The bullfrog misses you. The bullfrog closely misses you.
The bullfrog hits you but does no damage.
The bullfrog hits you. The bullfrog hits you!
* * * LOW HITPOINT WARNING * * *
The bullfrog hits you.
You die...

#.≈≈≈≈# #.≈≈≈.# #####
#.≈≈≈≈# ####≈≈≈≈≈≈
#.†≈≈≈####≈≈≈≈≈≈≈≈≈
#.≈≈≈≈##≈≈≈≈≈≈≈≈≈≈≈
#≈≈≈≈≈#≈≈≈≈∩≈≈≈≈≈≈≈
#≈≈≈≈≈≈≈≈≈≈..≈≈≈.≈≈
#.≈≈≈≈≈F≈≈≈≈..≈.?.≈
#.≈≈≈≈@F≈≈≈≈..≈$$).
#≈≈≈≈≈≈≈≈≈≈≈.≈≈.?≈≈
#≈≈≈≈≈≈≈≈≈≈≈.≈≈.≈≈≈≈≈≈
#≈≈≈≈≈≈≈≈≈≈≈≈≈≈≈≈≈≈≈≈≈≈
#≈≈≈≈.≈≈≈≈≈≈≈≈≈≈≈≈≈≈≈≈≈
#.≈≈≈.≈≈≈≈≈≈≈≈≈≈≈≈≈≈≈≈#
#.≈≈≈≈..≈≈≈≈≈≈≈≈≈≈.....
#.≈≈≈≈≈≈≈≈≈≈≈≈≈≈≈≈≈≈≈≈≈
#.≈≈≈≈≈≈≈≈≈≈≈≈≈≈≈≈≈≈≈≈≈


You could see 2 bullfrogs.

Vanquished Creatures
  4 adders
  An ufetubus (D:2)
  A worm (D:2)
  A dart slug (D:1)
  An orc (D:3)
  6 ball pythons
  3 endoplasms
  5 giant cockroaches
  2 hobgoblins
  4 jackals
  10 quokkas
  5 bats
  8 frilled lizards
  6 goblins
  3 kobolds
  5 rats
65 creatures vanquished.

Vanquished Creatures (collateral kills)
  A goblin (D:3)
  2 ball pythons (Sewer)
  A bat (D:3)
4 creatures vanquished.

Grand Total: 69 creatures vanquished

Notes
Turn   | Place    | Note
-------+----------+-------------------------------------------
     0 | D:1      | Lanoc the Tengu Necromancer began the quest for the Orb.
     0 | D:1      | Reached XP level 1. HP: 10/10 MP: 4/4
   509 | D:1      | Reached XP level 2. HP: 13/15 MP: 4/6
  1242 | D:1      | Reached skill level 5 in Necromancy
  1329 | D:1      | Learned a level 1 spell: Animate Skeleton
  1353 | D:2      | Reached XP level 3. HP: 17/19 MP: 4/7
  1412 | D:2      | Found Iddeb's Assorted Antiques.
  1477 | D:2      | Found Tuerowin's Distillery.
  1646 | D:2      | Found Zerch's Antique Armour Shoppe.
  2650 | D:2      | Found Ilieckej's Armour Shop.
  2742 | D:2      | Found Kagiwyt's Assorted Antiques.
  2898 | D:3      | Noticed a necrophage
  2902 | D:3      | Reached XP level 4. HP: 15/24 MP: 8/8
  3196 | D:3      | Found a glowing drain.
  3200 | Sewer    | Entered a sewer
  3318 | Sewer    | Reached skill level 6 in Necromancy
  3368 | Sewer    | Gained mutation: You can fly continuously. [Tengu growth]
  3368 | Sewer    | Reached XP level 5. HP: 21/28 MP: 2/9
  3510 | Sewer    | HP: 1/28 [bullfrog (9)]
  3510 | Sewer    | Slain by a bullfrog

Illustrated notes

Levels and vault maps discovered:
D:1:      dpeg_arrival_simpleton_b, layout_loops_corners, minmay_close_crescents
D:2:      kennysheep_big_flooded_room, layout_basic, serial_shops, shop, shop,
          shop, nicolae_shop_trees, nicolae_shop_behind_doors,
          serial_bayou_pond_c
D:3:      layout_basic, gup_sewer_entry_spiral
Sewer:    sewer_frog_island_01

Skill      XL: |  1  2  3  4 |
---------------+-------------+-----
Necromancy     | 5 6 |  6.1
Dodging        | 3 |  3.5
Stealth        | |  2.0
Spellcasting   | |  2.0

Action                   |  1- 3 |  4- 6 || total
-------------------------+-------+-------++-------
Melee: Dagger            |     9 |    33 ||    42
       Kick              |     3 |     3 ||     6
       Peck              |     1 |     7 ||     8
 Cast: Pain              |    63 |    40 ||   103
       Animate Skeleton  |     1 |     4 ||     5
 Abil: Fly               |       |     1 ||     1
  Use: Scroll            |     8 |     1 ||     9
       Potion            |       |     1 ||     1
 Stab: Sleeping          |       |     1 ||     1
Armor: Robe              |     3 |     8 ||    11
Dodge: Dodged            |    18 |    36 ||    54

Table legend: (Time is in decaauts)
 A = Elapsed time spent in this place.
 B = Non-inter-level travel time spent in this place.
 C = Inter-level travel time spent in this place.
 D = Time resting spent in this place.
 E = Time spent auto-exploring this place.
 F = Levels seen in this place.
 G = Mean time per level.
                   A        B        C        D        E       F      G
               +--------+--------+--------+--------+--------+-----+--------+
         Total |   3550 |   3509 |     41 |      0 |   2888 |   4 |  887.5 |
       Dungeon |   3227 |   3186 |     41 |      0 |   2679 |   3 | 1075.7 |
         Sewer |    322 |    322 |      0 |      0 |    209 |   1 |  322.0 |
               +--------+--------+--------+--------+--------+-----+--------+

Top non-repeatable levels by time:
     D:2: 1532 daAuts
     D:1: 1349 daAuts
     D:3: 346 daAuts
   Sewer: 322 daAuts
